WINNIPEG vs FLORIDA

Created - May 19, 2021 at 12:56

Goals
1 2 3 T
WINNIPEG 1 2 3 6
FLORIDA 0 0 1 1
Shots
1 2 3 T
WINNIPEG 14 11 13 38
FLORIDA 2 5 4 11

1st period

1. WINNIPEG , Jay Beagle 13 (Patrick Kane 47, Oscar Fantenberg 10) at 3:20

Penalties :
Dante Fabbro (FLA) for Holding (Minor) at 12:49

2nd period

2. WINNIPEG , Sidney Crosby 23 (Justin Braun 22, Alexander Edler 48) at 4:59
3. WINNIPEG , Sidney Crosby 24 (Gustav Forsling 3, Loui Eriksson 6) at 11:33

Penalties :
Jesperi Kotkaniemi (FLA) for Roughing (Minor) at 17:45, Dan Hamhuis (WPG) for Interference (Minor) at 17:45

3rd period

4. WINNIPEG , Patrick Kane 42 (Chris Tanev 35, Marcus Pettersson 26) at 1:18 (PP)
5. FLORIDA , Pavel Zacha 14 (Radim Simek 21, Ilya Lyubushkin 5) at 9:22
6. WINNIPEG , Tyler Toffoli 18 (Patrick Kane 48, Alex Biega 2) at 14:20
7. WINNIPEG , Sidney Crosby 25 (Marcus Pettersson 27, Chris Tanev 36) at 14:45

Penalties :
Ilya Lyubushkin (FLA) for Tripping (Minor) at 1:10

Goalie Stats

Louis Domingue (WPG), 10 saves from 11 shots - (0.909), W, 7-7-4, 60:00 minutes
Jimmy Howard (FLA), 32 saves from 38 shots - (0.842), L, 18-29-9, 60:00 minutes

Players Stats for WINNIPEG

Player Name              G  A  P  +/- PIM S  H  SB GA TA FO     MP     PP MP  PK MP  
------------------------------------------------------------------------------------
Alex Biega               0  1  1   2  0   0  3  0  0  0  0/0     7:34   0:00   0:00 
Alex Ovechkin            0  0  0   0  0   5  1  0  0  0  1/1    21:49   0:49   0:00 
Alexander Edler          0  1  1   0  0   2  0  1  0  0  0/0    20:21   1:10   0:00 
Antoine Roussel          0  0  0   0  0   1  1  0  0  0  1/1    19:18   0:00   0:00 
Chris Tanev              0  2  2   1  0   2  1  0  0  0  0/0    17:25   0:57   0:00 
Dan Hamhuis              0  0  0   1  2   0  0  0  0  0  0/0    14:39   0:00   0:00 
Gustav Forsling          0  1  1   2  0   0  0  1  0  0  0/0     7:34   0:00   0:00 
J.T. Miller              0  0  0   0  0   2  1  0  0  0  9/13   17:09   0:49   0:00 
Jay Beagle               1  0  1   1  0   1  3  0  0  0  13/21  19:25   1:18   0:00 
Jonah Gadjovich          0  0  0   0  0   0  0  0  0  0  0/0     0:00   0:00   0:00 
Justin Braun             0  1  1   0  0   2  1  2  0  0  0/0    20:21   1:10   0:00 
Loui Eriksson            0  1  1   3  0   1  0  0  0  0  0/0    18:29   0:00   0:00 
Marcus Pettersson        0  2  2   1  0   1  4  0  0  0  0/0    17:25   0:57   0:00 
Nic Dowd                 0  0  0   0  0   0  0  0  0  0  0/0     0:00   0:00   0:00 
Oscar Fantenberg         0  1  1   1  0   1  1  0  0  0  0/0    14:40   0:00   0:00 
Patric Hornqvist         0  0  0   3  0   1  6  0  0  0  0/0    17:48   0:00   0:00 
Patrick Kane             1  2  3   1  0   6  0  0  0  0  1/1    20:26   1:18   0:00 
Sidney Crosby            3  0  3   3  0   11 2  0  0  0  10/21  19:34   0:49   0:00 
Tyler Toffoli            1  0  1   1  0   2  1  0  0  0  0/1    19:25   1:18   0:00 
Zack MacEwen             0  0  0   0  0   0  0  1  0  0  0/3     4:38   0:00   0:00 

Players Stats for FLORIDA

Player Name              G  A  P  +/- PIM S  H  SB GA TA FO     MP     PP MP  PK MP  
------------------------------------------------------------------------------------
Alex Galchenyuk          0  0  0  -1  0   2  0  0  0  0  1/2    13:58   0:00   0:00 
Brett Ritchie            0  0  0  -1  0   0  0  0  0  0  1/1    13:58   0:00   0:00 
Dante Fabbro             0  0  0  -1  2   0  2  0  0  0  0/0    21:54   0:00   0:00 
Denis Malgin             0  0  0  -2  0   1  0  0  0  0  0/0    15:46   0:00   0:00 
Drake Batherson          0  0  0  -1  0   0  0  0  0  0  6/14   14:06   0:00   0:20 
Frank Vatrano            0  0  0   0  0   0  0  0  0  0  0/0     0:00   0:00   0:00 
Ilya Lyubushkin          0  1  1   0  2   0  2  0  0  0  0/0    19:41   0:00   1:21 
Jesperi Kotkaniemi       0  0  0  -2  2   3  0  0  0  0  7/13   15:45   0:00   0:00 
Joakim Nordstrom         0  0  0  -1  0   0  1  0  0  0  1/1    13:06   0:00   0:00 
Justin Schultz           0  0  0  -3  0   2  2  2  0  0  0/0    19:28   0:00   0:26 
Markus Granlund          0  0  0   0  0   0  0  0  0  0  0/0     0:53   0:00   0:00 
Martin Necas             0  0  0  -1  0   0  0  0  0  0  0/1    21:07   0:00   1:21 
Micheal Ferland          0  0  0  -1  0   1  0  0  0  0  1/1    16:21   0:00   0:08 
Mike Green               0  0  0  -3  0   0  0  0  0  0  0/0    20:50   0:00   0:30 
Patrick Marleau          0  0  0  -1  0   1  2  0  0  0  0/1    16:22   0:00   0:38 
Pavel Zacha              1  0  1   0  0   1  1  0  0  0  5/18   16:10   0:00   1:21 
Radim Simek              0  1  1   0  0   0  1  1  0  0  0/0    17:42   0:00   0:46 
Ryan Donato              0  0  0  -1  0   0  0  0  0  0  5/10   18:21   0:00   0:26 
Shayne Gostisbehere      0  0  0  -1  0   0  2  1  0  0  0/0    20:23   0:00   1:11 

3 Stars

1 - Sidney Crosby (WPG)
2 - Patrick Kane (WPG)
3 - Marcus Pettersson (WPG)

Power Play

WINNIPEG - 1 on 2 Attempt(s) - 50.00%
FLORIDA - 0 on 0 Attempt(s) - 0.00%

Penalty Kill

WINNIPEG - 0 on 0 Attempt(s) - 0.00% - Score 0 goal in Penalty Kill
FLORIDA - 1 on 2 Attempt(s) - 50.00% - Score 0 goal in Penalty Kill

Team Stat

WINNIPEG - Hits : 25 - Faceoff Wins : 35 - Blocked Shots : 5 - Penalty Minutes : 2
FLORIDA - Hits : 13 - Faceoff Wins : 27 - Blocked Shots : 4 - Penalty Minutes : 6

Official

Referees : Chris Lee and Joe Brodsky
Linesman : Justin Cornell and Shaun Young

Game Notes

Markus Granlund is injured at 4:31 of 1st period (Sore Left Knee)
Sidney Crosby has scored a Hat Trick!

Finance

Level 1 -- Attendance: 6000 (100.00%) -- Ticket Income $480,000
Level 2 -- Attendance: 4887 (97.74%) -- Ticket Income $244,350
Level 3 -- Attendance: 2000 (100.00%) -- Ticket Income $56,000
Level 4 -- Attendance: 4000 (100.00%) -- Ticket Income $60,000
Luxury Box -- Attendance: 945 (94.50%) -- Ticket Income $141,750
Game was played at the BBT Center.
Total Attendance: 17832 (99.07%)
Total Ticket Income: $982,100
Total Income: $982,100

WINNIPEG

5 vs 5 Forward 
   Center                   Left Wing                Right Wing               Time % Phy DF OF 
 1 J.T. Miller              Alex Ovechkin            Antoine Roussel          33     1   2  2  
 2 Jay Beagle               Patrick Kane             Tyler Toffoli            32     1   2  2  
 3 Sidney Crosby            Loui Eriksson            Patric Hornqvist         30     1   2  2  
 4 Zack MacEwen             Antoine Roussel          Alex Ovechkin            5      1   2  2  

5 vs 5 Defense 
   Defense                  Defense                                           Time % Phy DF OF 
 1 Alexander Edler          Justin Braun                                      35     1   2  2  
 2 Chris Tanev              Marcus Pettersson                                 30     1   2  2  
 3 Oscar Fantenberg         Dan Hamhuis                                       25     1   2  2  
 4 Alex Biega               Gustav Forsling                                   10     1   2  2  

PowerPlay Forward 
   Center                   Left Wing                Right Wing               Time % Phy DF OF 
 1 Sidney Crosby            Alex Ovechkin            J.T. Miller              60     1   2  2  
 2 Jay Beagle               Patrick Kane             Tyler Toffoli            40     1   2  2  

PowerPlay Defense
   Defense                  Defense                                           Time % Phy DF OF 
 1 Alexander Edler          Justin Braun                                      60     1   2  2  
 2 Chris Tanev              Marcus Pettersson                                 40     1   2  2  

Penalty Kill 4 Players Forward 
   Center                   Wing                     Time % Phy DF OF 
 1 Jay Beagle               Nic Dowd                 60     1   2  2  
 2 Sidney Crosby            J.T. Miller              40     1   2  2  

Penalty Kill 4 Players Defense
   Defense                  Defense                  Time % Phy DF OF 
 1 Alexander Edler          Justin Braun             60     1   2  2  
 2 Chris Tanev              Marcus Pettersson        40     1   2  2  

Penalty Kill - 3 Players Forward 
   Forward                                           Time % Phy DF OF 
 1 Jay Beagle                                        60     1   2  2  
 2 Sidney Crosby                                     40     1   2  2  

Penalty Kill - 3 Players Defense
   Defense                  Defense                  Time % Phy DF OF 
 1 Alexander Edler          Justin Braun             60     1   2  2  
 2 Chris Tanev              Marcus Pettersson        40     1   2  2  

4 vs 4 Forward 
   Center                   Wing                     Time % Phy DF OF 
 1 Alex Ovechkin            Patrick Kane             60     1   2  2  
 2 Sidney Crosby            J.T. Miller              40     1   2  2  

4 vs 4 Defense
   Defense                  Defense                  Time % Phy DF OF 
 1 Alexander Edler          Justin Braun             60     1   2  2  
 2 Chris Tanev              Marcus Pettersson        40     1   2  2  

Last Minutes Offensive
   Center                   Left Wing                Right Wing               Defense                  Defense                  
   Sidney Crosby            Alex Ovechkin            J.T. Miller              Tyler Toffoli            Patrick Kane             

Last Minutes Defensive
   Center                   Left Wing                Right Wing               Defense                  Defense                  
   Sidney Crosby            Alex Ovechkin            J.T. Miller              Alexander Edler          Justin Braun             

Goaltenders
Starting : Louis Domingue           
Backup : Connor Hellebuyck        

Extra Forwards
Normal : Patric Hornqvist, Loui Eriksson, Antoine Roussel - PP : Patric Hornqvist, Loui Eriksson - PK : Antoine Roussel
Extra Defensemen
Normal : Jonah Gadjovich, Oscar Fantenberg, Dan Hamhuis - PP : Jonah Gadjovich - PK : Oscar Fantenberg, Dan Hamhuis
Penalty Shots
Alex Ovechkin, Patrick Kane, Sidney Crosby, J.T. Miller, Tyler Toffoli

Scratches
None

FLORIDA

5 vs 5 Forward 
   Center                   Left Wing                Right Wing               Time % Phy DF OF 
 1 Pavel Zacha              Patrick Marleau          Martin Necas             30     1   2  2  
 2 Ryan Donato              Alex Galchenyuk          Brett Ritchie            28     1   2  2  
 3 Jesperi Kotkaniemi       Micheal Ferland          Denis Malgin             23     1   2  2  
 4 Drake Batherson          Markus Granlund          Joakim Nordstrom         19     1   2  2  

5 vs 5 Defense 
   Defense                  Defense                                           Time % Phy DF OF 
 1 Dante Fabbro             Shayne Gostisbehere                               35     1   2  2  
 2 Justin Schultz           Mike Green                                        30     1   2  2  
 3 Radim Simek              Ilya Lyubushkin                                   25     1   2  2  
 4 Dante Fabbro             Ilya Lyubushkin                                   10     1   2  2  

PowerPlay Forward 
   Center                   Left Wing                Right Wing               Time % Phy DF OF 
 1 Ryan Donato              Patrick Marleau          Martin Necas             60     1   1  3  
 2 Pavel Zacha              Ryan Donato              Alex Galchenyuk          40     1   1  3  

PowerPlay Defense
   Defense                  Defense                                           Time % Phy DF OF 
 1 Dante Fabbro             Mike Green                                        60     1   1  3  
 2 Shayne Gostisbehere      Radim Simek                                       40     1   1  3  

Penalty Kill 4 Players Forward 
   Center                   Wing                     Time % Phy DF OF 
 1 Pavel Zacha              Martin Necas             60     2   2  1  
 2 Ryan Donato              Patrick Marleau          40     2   2  1  

Penalty Kill 4 Players Defense
   Defense                  Defense                  Time % Phy DF OF 
 1 Dante Fabbro             Shayne Gostisbehere      60     2   2  1  
 2 Justin Schultz           Radim Simek              40     2   2  1  

Penalty Kill - 3 Players Forward 
   Forward                                           Time % Phy DF OF 
 1 Pavel Zacha                                       60     2   2  1  
 2 Martin Necas                                      40     2   2  1  

Penalty Kill - 3 Players Defense
   Defense                  Defense                  Time % Phy DF OF 
 1 Dante Fabbro             Shayne Gostisbehere      60     2   2  1  
 2 Justin Schultz           Radim Simek              40     2   2  1  

4 vs 4 Forward 
   Center                   Wing                     Time % Phy DF OF 
 1 Pavel Zacha              Martin Necas             60     2   1  2  
 2 Ryan Donato              Patrick Marleau          40     2   1  2  

4 vs 4 Defense
   Defense                  Defense                  Time % Phy DF OF 
 1 Dante Fabbro             Mike Green               60     2   1  2  
 2 Shayne Gostisbehere      Radim Simek              40     2   1  2  

Last Minutes Offensive
   Center                   Left Wing                Right Wing               Defense                  Defense                  
   Pavel Zacha              Ryan Donato              Martin Necas             Dante Fabbro             Shayne Gostisbehere      

Last Minutes Defensive
   Center                   Left Wing                Right Wing               Defense                  Defense                  
   Pavel Zacha              Patrick Marleau          Martin Necas             Dante Fabbro             Shayne Gostisbehere      

Goaltenders
Starting : Jimmy Howard             
Backup : Ben Bishop               

Extra Forwards
Normal : Ryan Donato, Drake Batherson, Martin Necas - PP : Drake Batherson, Ryan Donato - PK : Drake Batherson
Extra Defensemen
Normal : Justin Schultz, Radim Simek, Mike Green - PP : Justin Schultz - PK : Justin Schultz, Mike Green
Penalty Shots
Drake Batherson, Martin Necas, Ryan Donato, Patrick Marleau, Alex Galchenyuk

Scratches
FLA Cap Hit (Suspend), Dillon Dube (Healthy), Tobias Bjornfot (Healthy)

% Time on Ice - WINNIPEG

Lines # - Real PCT - Wanted PCT - Time Play
Normal Forward
1 - 27% - 33% - 15:22
2 - 32% - 32% - 18:07
3 - 32% - 30% - 17:47
4 - 8% - 5% - 4:38
Normal Defense
1 - 33% - 35% - 18:13
2 - 28% - 30% - 15:27
3 - 26% - 25% - 14:40
4 - 14% - 10% - 7:34
PP Forward
1 - 39% - 60% - 0:49
2 - 61% - 40% - 1:18
PP Defense
1 - 55% - 60% - 1:10
2 - 45% - 40% - 0:57
PK Forward
1 - 0% - 60%
2 - 0% - 40%
PK Defense
1 - 0% - 60%
2 - 0% - 40%
PK3 Forward
1 - 0% - 60%
2 - 0% - 40%
PK3 Defense
1 - 0% - 60%
2 - 0% - 40%
44 Forward
1 - 51% - 60% - 1:01
2 - 49% - 40% - 0:58
44 Defense
1 - 49% - 60% - 0:58
2 - 51% - 40% - 1:01
Last Minute Offensive  - 0:00
Last Minute Defensive  - 0:00
Total
Forward - 60:00
Defense - 60:00

% Time on Ice - FLORIDA

Lines # - Real PCT - Wanted PCT - Time Play
Normal Forward
1 - 23% - 30% - 13:04
2 - 25% - 28% - 13:58
3 - 28% - 23% - 15:46
4 - 23% - 19% - 13:06
Normal Defense
1 - 33% - 35% - 18:31
2 - 34% - 30% - 19:02
3 - 29% - 25% - 16:15
4 - 4% - 10% - 2:06
PP Forward
1 - 0% - 60%
2 - 0% - 40%
PP Defense
1 - 0% - 60%
2 - 0% - 40%
PK Forward
1 - 80% - 60% - 1:41
2 - 20% - 40% - 0:26
PK Defense
1 - 73% - 60% - 1:33
2 - 27% - 40% - 0:34
PK3 Forward
1 - 0% - 60%
2 - 0% - 40%
PK3 Defense
1 - 0% - 60%
2 - 0% - 40%
44 Forward
1 - 100% - 60% - 1:59
2 - 0% - 40% - 0:00
44 Defense
1 - 66% - 60% - 1:18
2 - 34% - 40% - 0:41
Last Minute Offensive  - 0:00
Last Minute Defensive  - 0:00
Total
Forward - 60:00
Defense - 60:00

Play-by-Play

1st period


0:01 of 1st period - Pavel Zacha wins face-off versus J.T. Miller in neutral zone.
0:08 of 1st period - Shot by Dante Fabbro.
0:08 of 1st period - Shot Blocked by Justin Braun.
0:21 of 1st period - Shot by Alex Ovechkin.
0:21 of 1st period - Shot Misses the Net.
1:28 of 1st period - Shot by Tyler Toffoli.
1:28 of 1st period - Shot Misses the Net.
1:56 of 1st period - Shot by Sidney Crosby.
1:56 of 1st period - Stopped by Jimmy Howard without a rebound.
1:57 of 1st period - Jesperi Kotkaniemi wins face-off versus Sidney Crosby in FLORIDA zone.
2:10 of 1st period - Shot by Jesperi Kotkaniemi.
2:10 of 1st period - Stopped by Louis Domingue with a rebound.
2:21 of 1st period - Icing by Patric Hornqvist.
2:22 of 1st period - Drake Batherson wins face-off versus Sidney Crosby in WINNIPEG zone.
2:27 of 1st period - Icing by Gustav Forsling.
2:28 of 1st period - Drake Batherson wins face-off versus Sidney Crosby in WINNIPEG zone.
2:28 of 1st period - Drake Batherson is hit by Alex Biega.
2:34 of 1st period - Icing by Gustav Forsling.
2:35 of 1st period - Joakim Nordstrom wins face-off versus Sidney Crosby in WINNIPEG zone.
2:43 of 1st period - Alex Biega is hit by Ilya Lyubushkin and loses puck.
2:52 of 1st period - Shot by Sidney Crosby.
2:52 of 1st period - Stopped by Jimmy Howard without a rebound.
2:53 of 1st period - Jesperi Kotkaniemi wins face-off versus Jay Beagle in FLORIDA zone.
3:18 of 1st period - Shot by Patrick Kane.
3:18 of 1st period - Stopped by Jimmy Howard with a rebound.
3:20 of 1st period - Shot by Jay Beagle.
3:20 of 1st period - Goal by Jay Beagle - WINNIPEG : 1 - FLORIDA : 0.
3:21 of 1st period - Pavel Zacha wins face-off versus Zack MacEwen in neutral zone.
3:57 of 1st period - Shot by Alex Ovechkin.
3:57 of 1st period - Shot Misses the Net.
4:04 of 1st period - Pavel Zacha is hit by Marcus Pettersson and loses puck.
4:30 of 1st period - Markus Granlund is hit by Chris Tanev and loses puck.
4:31 of 1st period - Markus Granlund from FLORIDA is injured at 4:31 of 1st period (Sore Left Knee).
4:32 of 1st period - Jesperi Kotkaniemi wins face-off versus Jay Beagle in WINNIPEG zone.
5:10 of 1st period - Shot by Patrick Kane.
5:10 of 1st period - Stopped by Jimmy Howard without a rebound.
5:11 of 1st period - Ryan Donato wins face-off versus Sidney Crosby in FLORIDA zone.
5:11 of 1st period - Ryan Donato is hit by Patric Hornqvist.
5:36 of 1st period - Loui Eriksson is hit by Dante Fabbro and loses puck.
5:59 of 1st period - Dante Fabbro is hit by Antoine Roussel.
6:48 of 1st period - Martin Necas is hit by Jay Beagle and loses puck.
7:00 of 1st period - Icing by Ilya Lyubushkin.
7:01 of 1st period - Sidney Crosby wins face-off versus Drake Batherson in FLORIDA zone.
7:16 of 1st period - Shot by Sidney Crosby.
7:16 of 1st period - Stopped by Jimmy Howard without a rebound.
7:17 of 1st period - Jay Beagle wins face-off versus Jesperi Kotkaniemi in FLORIDA zone.
7:45 of 1st period - Jay Beagle is hit by Justin Schultz and loses puck.
8:18 of 1st period - Shot by Patric Hornqvist.
8:18 of 1st period - Shot Misses the Net.
8:22 of 1st period - Shot by Loui Eriksson.
8:22 of 1st period - Stopped by Jimmy Howard with a rebound.
8:24 of 1st period - Shot by Sidney Crosby.
8:24 of 1st period - Stopped by Jimmy Howard without a rebound.
8:25 of 1st period - J.T. Miller wins face-off versus Pavel Zacha in FLORIDA zone.
8:26 of 1st period - Shot by Alex Ovechkin.
8:26 of 1st period - Shot Misses the Net.
8:38 of 1st period - Shot by Pavel Zacha.
8:38 of 1st period - Deflect By Patrick Marleau.
8:38 of 1st period - Shot Misses the Net.
8:48 of 1st period - Icing by Patrick Marleau.
8:49 of 1st period - Sidney Crosby wins face-off versus Pavel Zacha in FLORIDA zone.
11:10 of 1st period - Icing by Micheal Ferland.
11:11 of 1st period - Jay Beagle wins face-off versus Jesperi Kotkaniemi in FLORIDA zone.
11:40 of 1st period - Shot by Patrick Kane.
11:40 of 1st period - Shot Misses the Net.
11:42 of 1st period - Shot by Patrick Kane.
11:42 of 1st period - Shot Misses the Net.
11:48 of 1st period - Shot by Patrick Kane.
11:48 of 1st period - Shot Blocked by Justin Schultz.
12:27 of 1st period - Icing by Alex Biega.
12:28 of 1st period - Drake Batherson wins face-off versus Zack MacEwen in WINNIPEG zone.
12:47 of 1st period - Alex Biega is hit by Shayne Gostisbehere and loses puck.
12:49 of 1st period - Minor Penalty to Dante Fabbro for Holding.
12:50 of 1st period - Pavel Zacha wins face-off versus Jay Beagle in FLORIDA zone.
13:13 of 1st period - Shot by Patrick Kane.
13:13 of 1st period - Shot Blocked by Shayne Gostisbehere.
13:15 of 1st period - Shot by Justin Braun.
13:15 of 1st period - Stopped by Jimmy Howard without a rebound.
13:16 of 1st period - J.T. Miller wins face-off versus Pavel Zacha in FLORIDA zone.
14:08 of 1st period - Shot by Tyler Toffoli.
14:08 of 1st period - Stopped by Jimmy Howard without a rebound.
14:09 of 1st period - Ryan Donato wins face-off versus Jay Beagle in FLORIDA zone.
14:38 of 1st period - Shot by Patrick Kane.
14:38 of 1st period - Stopped by Jimmy Howard without a rebound.
14:39 of 1st period - Sidney Crosby wins face-off versus Pavel Zacha in FLORIDA zone.
16:02 of 1st period - Shot by Alexander Edler.
16:02 of 1st period - Stopped by Jimmy Howard without a rebound.
16:03 of 1st period - Pavel Zacha wins face-off versus Jay Beagle in FLORIDA zone.
16:10 of 1st period - Shot by Pavel Zacha.
16:10 of 1st period - Shot Misses the Net.
16:22 of 1st period - Shot by Patrick Kane.
16:22 of 1st period - Stopped by Jimmy Howard without a rebound.
16:23 of 1st period - J.T. Miller wins face-off versus Jesperi Kotkaniemi in FLORIDA zone.
16:37 of 1st period - Icing by Jesperi Kotkaniemi.
16:38 of 1st period - Jesperi Kotkaniemi wins face-off versus Jay Beagle in FLORIDA zone.
17:49 of 1st period - Shot by Alexander Edler.
17:49 of 1st period - Stopped by Jimmy Howard without a rebound.
17:50 of 1st period - Sidney Crosby wins face-off versus Ryan Donato in FLORIDA zone.
17:50 of 1st period - Sidney Crosby is hit by Dante Fabbro.
17:54 of 1st period - Shot by Patric Hornqvist.
17:54 of 1st period - Shot Misses the Net.
17:59 of 1st period - Sidney Crosby is hit by Shayne Gostisbehere and loses puck.
18:50 of 1st period - Shot by Patrick Marleau.
18:50 of 1st period - Stopped by Louis Domingue with a rebound.
19:16 of 1st period - Shot by J.T. Miller.
19:16 of 1st period - Shot Misses the Net.
Goals for this period are 1 for WINNIPEG vs 0 for FLORIDA.
Shots for this period are 14 for WINNIPEG vs 2 for FLORIDA.

2nd period


0:01 of 2nd period - Ryan Donato wins face-off versus J.T. Miller in neutral zone.
0:16 of 2nd period - Shot by Ryan Donato.
0:16 of 2nd period - Deflect By Alex Galchenyuk.
0:16 of 2nd period - Stopped by Louis Domingue without a rebound.
0:17 of 2nd period - Jay Beagle wins face-off versus Pavel Zacha in WINNIPEG zone.
0:54 of 2nd period - Shot by Patrick Marleau.
0:54 of 2nd period - Deflect By Pavel Zacha.
0:54 of 2nd period - Shot Misses the Net.
1:36 of 2nd period - Shot by Antoine Roussel.
1:36 of 2nd period - Shot Misses the Net.
1:38 of 2nd period - Shot by Alex Ovechkin.
1:38 of 2nd period - Shot Misses the Net.
1:40 of 2nd period - Shot by Alexander Edler.
1:40 of 2nd period - Shot Misses the Net.
1:48 of 2nd period - Shot by J.T. Miller.
1:48 of 2nd period - Stopped by Jimmy Howard without a rebound.
1:49 of 2nd period - Sidney Crosby wins face-off versus Drake Batherson in FLORIDA zone.
1:52 of 2nd period - Shot by Sidney Crosby.
1:52 of 2nd period - Stopped by Jimmy Howard without a rebound.
1:53 of 2nd period - Sidney Crosby wins face-off versus Drake Batherson in FLORIDA zone.
3:58 of 2nd period - Shot by Tyler Toffoli.
3:58 of 2nd period - Shot Misses the Net.
4:00 of 2nd period - Shot by Chris Tanev.
4:00 of 2nd period - Stopped by Jimmy Howard with a rebound.
4:12 of 2nd period - Shot by Patrick Kane.
4:12 of 2nd period - Shot Misses the Net.
4:18 of 2nd period - Shot by Patrick Kane.
4:18 of 2nd period - Stopped by Jimmy Howard without a rebound.
4:19 of 2nd period - Ryan Donato wins face-off versus Zack MacEwen in FLORIDA zone.
4:36 of 2nd period - Alex Galchenyuk is hit by Alex Biega and loses puck.
4:45 of 2nd period - Shot by Alex Galchenyuk.
4:45 of 2nd period - Deflect By Ryan Donato.
4:45 of 2nd period - Shot Blocked by Gustav Forsling.
4:51 of 2nd period - Shot by Alex Galchenyuk.
4:51 of 2nd period - Stopped by Louis Domingue without a rebound.
4:52 of 2nd period - Sidney Crosby wins face-off versus Patrick Marleau in WINNIPEG zone.
4:59 of 2nd period - Shot by Sidney Crosby.
4:59 of 2nd period - Goal by Sidney Crosby - WINNIPEG : 2 - FLORIDA : 0.
5:00 of 2nd period - Jay Beagle wins face-off versus Pavel Zacha in neutral zone.
5:13 of 2nd period - Alexander Edler is hit by Pavel Zacha and loses puck.
5:26 of 2nd period - Shot by Patrick Marleau.
5:26 of 2nd period - Shot Blocked by Justin Braun.
6:17 of 2nd period - Alex Galchenyuk is hit by Marcus Pettersson and loses puck.
7:20 of 2nd period - Shot by Jesperi Kotkaniemi.
7:20 of 2nd period - Stopped by Louis Domingue with a rebound.
7:22 of 2nd period - Shot by Justin Schultz.
7:22 of 2nd period - Stopped by Louis Domingue without a rebound.
7:23 of 2nd period - Jesperi Kotkaniemi wins face-off versus Tyler Toffoli in WINNIPEG zone.
7:24 of 2nd period - Shot by Denis Malgin.
7:24 of 2nd period - Shot Misses the Net.
7:26 of 2nd period - Shot by Jesperi Kotkaniemi.
7:26 of 2nd period - Shot Misses the Net.
7:59 of 2nd period - Icing by Shayne Gostisbehere.
8:00 of 2nd period - Jesperi Kotkaniemi wins face-off versus Sidney Crosby in FLORIDA zone.
8:00 of 2nd period - Jesperi Kotkaniemi is hit by Patric Hornqvist.
8:03 of 2nd period - Icing by Shayne Gostisbehere.
8:04 of 2nd period - Antoine Roussel wins face-off versus Jesperi Kotkaniemi in FLORIDA zone.
8:21 of 2nd period - Shot by Alex Ovechkin.
8:21 of 2nd period - Stopped by Jimmy Howard without a rebound.
8:22 of 2nd period - Sidney Crosby wins face-off versus Pavel Zacha in FLORIDA zone.
9:48 of 2nd period - Shot by J.T. Miller.
9:48 of 2nd period - Shot Misses the Net.
9:50 of 2nd period - Shot by Alexander Edler.
9:50 of 2nd period - Shot Misses the Net.
9:52 of 2nd period - Shot by J.T. Miller.
9:52 of 2nd period - Stopped by Jimmy Howard without a rebound.
9:53 of 2nd period - Patrick Kane wins face-off versus Drake Batherson in FLORIDA zone.
10:40 of 2nd period - Icing by Dante Fabbro.
10:41 of 2nd period - Drake Batherson wins face-off versus J.T. Miller in FLORIDA zone.
11:21 of 2nd period - Shot by Alex Ovechkin.
11:21 of 2nd period - Stopped by Jimmy Howard with a rebound.
11:33 of 2nd period - Shot by Sidney Crosby.
11:33 of 2nd period - Goal by Sidney Crosby - WINNIPEG : 3 - FLORIDA : 0.
11:34 of 2nd period - Brett Ritchie wins face-off versus Jay Beagle in neutral zone.
12:07 of 2nd period - Shot by Ryan Donato.
12:07 of 2nd period - Shot Misses the Net.
12:45 of 2nd period - Icing by Sidney Crosby.
12:46 of 2nd period - Jesperi Kotkaniemi wins face-off versus Sidney Crosby in WINNIPEG zone.
12:46 of 2nd period - Justin Schultz is hit by Marcus Pettersson and loses puck.
13:20 of 2nd period - Micheal Ferland is hit by Patric Hornqvist and loses puck.
13:29 of 2nd period - Justin Schultz is hit by Sidney Crosby.
13:44 of 2nd period - Ryan Donato is hit by Patric Hornqvist and loses puck.
14:00 of 2nd period - Ryan Donato is hit by Marcus Pettersson.
15:18 of 2nd period - Shot by Patrick Kane.
15:18 of 2nd period - Shot Misses the Net.
15:32 of 2nd period - Shot by Jay Beagle.
15:32 of 2nd period - Shot Blocked by Justin Schultz.
16:18 of 2nd period - Shot by Alex Ovechkin.
16:18 of 2nd period - Shot Misses the Net.
16:21 of 2nd period - Icing by Radim Simek.
16:22 of 2nd period - Ryan Donato wins face-off versus Jay Beagle in FLORIDA zone.
16:28 of 2nd period - Icing by Alex Galchenyuk.
16:29 of 2nd period - J.T. Miller wins face-off versus Ryan Donato in FLORIDA zone.
17:10 of 2nd period - Shot by Micheal Ferland.
17:10 of 2nd period - Stopped by Louis Domingue without a rebound.
17:11 of 2nd period - Jay Beagle wins face-off versus Jesperi Kotkaniemi in WINNIPEG zone.
17:34 of 2nd period - Denis Malgin is hit by Oscar Fantenberg.
17:45 of 2nd period - Minor Penalty to Jesperi Kotkaniemi for Roughing.
17:45 of 2nd period - Minor Penalty to Dan Hamhuis for Interference.
17:46 of 2nd period - Alex Ovechkin wins face-off versus Pavel Zacha in WINNIPEG zone.
18:01 of 2nd period - Shot by Alex Ovechkin.
18:01 of 2nd period - Shot Hit the Post.
18:03 of 2nd period - Shot by Chris Tanev.
18:03 of 2nd period - Shot Misses the Net.
18:05 of 2nd period - Shot by Alex Ovechkin.
18:05 of 2nd period - Stopped by Jimmy Howard with a rebound.
18:48 of 2nd period - Icing by Dante Fabbro.
18:49 of 2nd period - Drake Batherson wins face-off versus Sidney Crosby in FLORIDA zone.
19:06 of 2nd period - Shot by Sidney Crosby.
19:06 of 2nd period - Stopped by Jimmy Howard without a rebound.
19:07 of 2nd period - Pavel Zacha wins face-off versus Sidney Crosby in FLORIDA zone.
Goals for this period are 2 for WINNIPEG vs 0 for FLORIDA.
Shots for this period are 11 for WINNIPEG vs 5 for FLORIDA.

3rd period


0:01 of 3rd period - J.T. Miller wins face-off versus Pavel Zacha in neutral zone.
0:06 of 3rd period - Icing by Martin Necas.
0:07 of 3rd period - J.T. Miller wins face-off versus Pavel Zacha in FLORIDA zone.
0:10 of 3rd period - Shot by J.T. Miller.
0:10 of 3rd period - Shot Misses the Net.
0:14 of 3rd period - Shot by Alex Ovechkin.
0:14 of 3rd period - Stopped by Jimmy Howard without a rebound.
0:15 of 3rd period - J.T. Miller wins face-off versus Pavel Zacha in FLORIDA zone.
0:41 of 3rd period - Pavel Zacha is hit by Alex Ovechkin and loses puck.
0:54 of 3rd period - Shot by Alex Ovechkin.
0:54 of 3rd period - Shot Misses the Net.
1:10 of 3rd period - Minor Penalty to Ilya Lyubushkin for Tripping.
1:11 of 3rd period - Jay Beagle wins face-off versus Drake Batherson in FLORIDA zone.
1:18 of 3rd period - Shot by Chris Tanev.
1:18 of 3rd period - Deflect By Patrick Kane.
1:18 of 3rd period - Goal by Patrick Kane - WINNIPEG : 4 - FLORIDA : 0.
1:19 of 3rd period - Sidney Crosby wins face-off versus Ryan Donato in neutral zone.
1:21 of 3rd period - Oscar Fantenberg is hit by Justin Schultz and loses puck.
1:42 of 3rd period - Alex Galchenyuk is hit by Sidney Crosby and loses puck.
1:52 of 3rd period - Shot by Brett Ritchie.
1:52 of 3rd period - Shot Misses the Net.
3:20 of 3rd period - Shot by J.T. Miller.
3:20 of 3rd period - Shot Misses the Net.
3:22 of 3rd period - Shot by Alexander Edler.
3:22 of 3rd period - Shot Misses the Net.
3:24 of 3rd period - Shot by Justin Braun.
3:24 of 3rd period - Stopped by Jimmy Howard without a rebound.
3:25 of 3rd period - Jay Beagle wins face-off versus Jesperi Kotkaniemi in FLORIDA zone.
3:35 of 3rd period - Off-side.
3:36 of 3rd period - Jay Beagle wins face-off versus Ryan Donato in neutral zone.
3:48 of 3rd period - Justin Schultz is hit by Jay Beagle and loses puck.
5:35 of 3rd period - Shot by Sidney Crosby.
5:35 of 3rd period - Shot Misses the Net.
5:56 of 3rd period - Ilya Lyubushkin is hit by Jay Beagle and loses puck.
7:25 of 3rd period - Pavel Zacha is hit by Patric Hornqvist and loses puck.
8:02 of 3rd period - Shot by Marcus Pettersson.
8:02 of 3rd period - Stopped by Jimmy Howard with a rebound.
8:25 of 3rd period - Icing by Alex Ovechkin.
8:26 of 3rd period - J.T. Miller wins face-off versus Ryan Donato in WINNIPEG zone.
8:33 of 3rd period - Shot by Alex Ovechkin.
8:33 of 3rd period - Stopped by Jimmy Howard with a rebound.
8:35 of 3rd period - Shot by J.T. Miller.
8:35 of 3rd period - Shot Misses the Net.
8:37 of 3rd period - Shot by Oscar Fantenberg.
8:37 of 3rd period - Shot Misses the Net.
8:39 of 3rd period - Shot by Antoine Roussel.
8:39 of 3rd period - Stopped by Jimmy Howard with a rebound.
8:41 of 3rd period - Shot by Oscar Fantenberg.
8:41 of 3rd period - Stopped by Jimmy Howard with a rebound.
8:55 of 3rd period - Shot by Sidney Crosby.
8:55 of 3rd period - Deflect By Patric Hornqvist.
8:55 of 3rd period - Stopped by Jimmy Howard without a rebound.
8:56 of 3rd period - Jay Beagle wins face-off versus Pavel Zacha in FLORIDA zone.
8:56 of 3rd period - Jay Beagle is hit by Radim Simek.
9:07 of 3rd period - Martin Necas is hit by Justin Braun and loses puck.
9:16 of 3rd period - Shot by Martin Necas.
9:16 of 3rd period - Shot Misses the Net.
9:18 of 3rd period - Shot by Ilya Lyubushkin.
9:18 of 3rd period - Shot Blocked by Alexander Edler.
9:20 of 3rd period - Shot by Radim Simek.
9:20 of 3rd period - Shot Misses the Net.
9:22 of 3rd period - Shot by Pavel Zacha.
9:22 of 3rd period - Goal by Pavel Zacha - WINNIPEG : 4 - FLORIDA : 1.
9:23 of 3rd period - Drake Batherson wins face-off versus Sidney Crosby in neutral zone.
9:34 of 3rd period - Shot by Sidney Crosby.
9:34 of 3rd period - Stopped by Jimmy Howard with a rebound.
9:36 of 3rd period - Shot by Marcus Pettersson.
9:36 of 3rd period - Shot Misses the Net.
9:38 of 3rd period - Shot by Chris Tanev.
9:38 of 3rd period - Stopped by Jimmy Howard without a rebound.
9:39 of 3rd period - J.T. Miller wins face-off versus Alex Galchenyuk in FLORIDA zone.
11:22 of 3rd period - Micheal Ferland is hit by Tyler Toffoli and loses puck.
11:36 of 3rd period - Jay Beagle is hit by Ilya Lyubushkin and loses puck.
11:48 of 3rd period - Icing by Marcus Pettersson.
11:49 of 3rd period - Jay Beagle wins face-off versus Drake Batherson in WINNIPEG zone.
12:10 of 3rd period - Chris Tanev is hit by Joakim Nordstrom and loses puck.
12:28 of 3rd period - Off-side.
12:29 of 3rd period - Sidney Crosby wins face-off versus Martin Necas in neutral zone.
13:24 of 3rd period - Icing by Oscar Fantenberg.
13:25 of 3rd period - Micheal Ferland wins face-off versus J.T. Miller in WINNIPEG zone.
13:40 of 3rd period - Shot by Alex Ovechkin.
13:40 of 3rd period - Shot Blocked by Radim Simek.
14:02 of 3rd period - Shot by Jesperi Kotkaniemi.
14:02 of 3rd period - Stopped by Louis Domingue with a rebound.
14:20 of 3rd period - Shot by Tyler Toffoli.
14:20 of 3rd period - Goal by Tyler Toffoli - WINNIPEG : 5 - FLORIDA : 1.
14:21 of 3rd period - Alex Galchenyuk wins face-off versus Sidney Crosby in neutral zone.
14:28 of 3rd period - Shot by Ryan Donato.
14:28 of 3rd period - Shot Misses the Net.
14:36 of 3rd period - Justin Schultz is hit by Patric Hornqvist and loses puck.
14:45 of 3rd period - Shot by Sidney Crosby.
14:45 of 3rd period - Goal by Sidney Crosby - WINNIPEG : 6 - FLORIDA : 1.
14:46 of 3rd period - Jay Beagle wins face-off versus Pavel Zacha in neutral zone.
15:17 of 3rd period - Alexander Edler is hit by Patrick Marleau and loses puck.
16:08 of 3rd period - Shot by Alex Galchenyuk.
16:08 of 3rd period - Shot Misses the Net.
16:10 of 3rd period - Shot by Justin Schultz.
16:10 of 3rd period - Stopped by Louis Domingue with a rebound.
16:42 of 3rd period - Joakim Nordstrom is hit by J.T. Miller and loses puck.
17:29 of 3rd period - Shot by Denis Malgin.
17:29 of 3rd period - Stopped by Louis Domingue without a rebound.
17:30 of 3rd period - Jay Beagle wins face-off versus Drake Batherson in WINNIPEG zone.
18:25 of 3rd period - Shot by Denis Malgin.
18:25 of 3rd period - Shot Blocked by Zack MacEwen.
18:36 of 3rd period - Micheal Ferland is hit by Alex Biega and loses puck.
19:17 of 3rd period - Chris Tanev is hit by Patrick Marleau and loses puck.
19:38 of 3rd period - Shot by Sidney Crosby.
19:38 of 3rd period - Stopped by Jimmy Howard without a rebound.
19:39 of 3rd period - Jay Beagle wins face-off versus Drake Batherson in FLORIDA zone.
19:52 of 3rd period - Shot by Patrick Kane.
19:52 of 3rd period - Shot Misses the Net.
Goals for this period are 3 for WINNIPEG vs 1 for FLORIDA.
Shots for this period are 13 for WINNIPEG vs 4 for FLORIDA.